 Dungeon Crawl Stone Soup version 0.19.0-2-gae57169 (webtiles) character file.

101551 Guts the Fencer (level 16, -13/122 HPs)
             Began as a Human Gladiator on Nov 1, 2016.
             Was a High Priest of Fedhas.
             Mangled by a spark wasp (14 damage)
             ... on level 3 of the Spider Nest on Nov 5, 2016.
             The game lasted 03:08:01 (27444 turns).

Guts the Fencer (Human Gladiator)                  Turns: 27444, Time: 03:08:02

Health: -13/122    AC: 28    Str: 25    XL:     16   Next: 83%
Magic:  0/31       EV: 14    Int: 10    God:    Fedhas [*****.]
Gold:   329        SH:  0    Dex: 14    Spells: 0 memorised, 15 levels left

rFire  . . .     SeeInvis +     w - +6 scimitar "Woevenna" {slice, +Rage Str+3 Dex-5}
rCold  . . .     Gourm    .     l - +8 chain mail of the Bells {Regen+ Int+4 Dex+4}
rNeg   . . .     Faith    .     (no shield)
rPois  +         Spirit   +     T - +0 helmet of the Ban {SInv}
rElec  .         Reflect  .     i - +1 cloak
rCorr  .         Harm     .     u - +0 pair of gloves
MR     +....     Clarity  +     q - +2 pair of boots {run}
Stlth  ..........               A - amulet of guardian spirit
                                P - ring of poison resistance
                                h - ring of magical power

@: slowed, very slow
A: talons 1, clarity, dopey 1
a: Fungal Bloom, Evolution, Sunlight, Growth, Reproduction, Rain, Renounce
Religion, Evoke Berserk Rage


You were on level 3 of the Spider Nest.
You worshipped Fedhas.
Fedhas was extremely pleased with you.
You were not hungry.

You visited 5 branches of the dungeon, and saw 28 of its levels.
You visited 1 bazaar.
You also visited: Ossuary.

You collected 2993 gold pieces.
You spent 2664 gold pieces at shops.

Inventory:

Hand Weapons
 b - a +2 vampiric demon blade
 e - the +1 hand crossbow of Rotation {flame, -Tele rF+ MR++ Int-5}
   (You bought it in a shop on level 14 of the Dungeon)

   It causes projectiles fired from it to burn those they strike, causing extra
   injury to most foes and up to half again as much damage against particularly
   susceptible opponents.
   It affects your intelligence (-5).
   It protects you from fire.
   It affects your resistance to hostile enchantments.
   It prevents most forms of teleportation.
 w - the +6 scimitar "Woevenna" (weapon) {slice, +Rage Str+3 Dex-5}
   (You acquired it on level 3 of the Lair of Beasts)

   It inflicts extra damage upon your enemies.
   It affects your strength (+3).
   It affects your dexterity (-5).
   It lets you go berserk.
 I - a +1 blowgun
 V - a +1 great sword of freezing
Missiles
 y - 8 curare-tipped needles
 K - 4 throwing nets
 U - 68 bolts
 X - 4 steel tomahawks (quivered)
Armour
 i - a +1 cloak (worn)
 l - the +8 chain mail of the Bells (worn) {Regen+ Int+4 Dex+4}
   (You found it on level 9 of the Dungeon)

   It affects your intelligence (+4).
   It affects your dexterity (+4).
   It increases your rate of regeneration.
 q - a +2 pair of boots of running (worn)
 u - a +0 pair of gloves (worn)
 T - the +0 helmet of the Ban (worn) {SInv}
   (You found it on level 13 of the Dungeon)

   It lets you see invisible.
Jewellery
 g - an uncursed amulet of regeneration
 h - a ring of magical power (left hand)
 r - an uncursed ring of protection from fire
 A - an amulet of guardian spirit (around neck)
 O - an uncursed ring of fire
 P - a ring of poison resistance (right hand)
Wands
 d - a wand of iceblast (8/15)
 j - a wand of disintegration (6/24)
 C - a wand of hasting (3/9)
 E - a wand of disintegration (13/24)
 N - a wand of digging (0/24)
Scrolls
 a - 6 scrolls of remove curse
 m - 2 scrolls of silence
 s - 3 scrolls of fear
 v - 6 scrolls of identify
 D - 2 scrolls of fog
 F - 8 scrolls of teleportation
 H - 3 scrolls of blinking
 S - 4 scrolls of vulnerability
 Z - 2 scrolls of magic mapping
Potions
 c - 2 potions of haste
 k - a potion of agility
 n - 4 potions of heal wounds
 o - 7 potions of curing
 p - 2 potions of cancellation
 t - 8 potions of lignification
 x - 3 potions of might
 J - 3 potions of flight
 Q - 2 potions of cure mutation
 R - a potion of resistance
 W - 3 potions of berserk rage
 Y - 3 potions of invisibility
Miscellaneous
 M - a phantom mirror
Comestibles
 f - 8 bread rations
 z - 6 beef jerkies
 B - 8 meat rations
 G - 9 fruits


   Skills:
 - Level 10.2 Fighting
 + Level 19.3 Long Blades
 * Level 8.0 Crossbows
 - Level 2.0 Throwing
 - Level 10.0 Armour
 - Level 10.4 Dodging
 - Level 8.6 Invocations


You had 15 spell levels left.
You didn't know any spells.

Dungeon Overview and Level Annotations

Branches:
Dungeon (15/15)            Temple (1/1) D:7            Lair (6/6) D:11
 Shoals (0/4) Lair:4       Spider (4/4) Lair:3        Slime (0/5) Lair:6
    Orc (2/2) D:12            Elf (0/3) Orc:2        Vaults (0/5) D:13
 Depths (0/5) D:15

Altars:
Ashenzari
Cheibriados
Dithmenos
Elyvilon
Fedhas
Gozag
Hepliaklqana
Kikubaaqudgha
Makhleb
Nemelex Xobeh
Okawaru
Qazlal
Ru
Sif Muna
Trog
Uskayaw
Vehumet
Xom
Yredelemnul
Zin
The Shining One
Jiyva

Shops:
D:5 !   D:8 :   D:13 =   D:14 *:(}%   D:15 }*:(   Orc:2 %[*(:

Annotations:
D:3 C0ssack's ghost, amateur DEFE
D:7 1 exclusion, aimeelou's ghost, novice MfGl
D:9 varam's ghost, novice OpAs
D:15 exclusion: door
Spider:1 xeno23's ghost, adept DEFE
Spider:4 Kirke


Innate Abilities, Weirdness & Mutations

You have sharp toenails.
You possess an exceptional clarity of mind.
You are dopey. (Int -2)


Message History

The spark wasp closely misses you. The torpor snail barely misses you.
The spark wasp stings you but does no damage.
You hit the spark wasp but do no damage.
The spark wasp is severely wounded.
The spark wasp closely misses you. The spark wasp barely misses you.
You riposte.
You slash the spark wasp!
The spark wasp is almost dead.
You hit the spark wasp but do no damage.
The spark wasp is almost dead.
The spark wasp stings you!!
* * * LOW HITPOINT WARNING * * *
The spark wasp shocks you!
* * * LOW HITPOINT WARNING * * *
You slash the spark wasp!
The spark wasp is almost dead.
The spark wasp stings you.
* * * LOW HITPOINT WARNING * * *
The spark wasp shocks you!
You die...
Fedhas appreciates your contribution to the ecosystem.

...........(^..#.....##.....#####
.......##....#.##...##.......#...
#..#.#.#.....###..ยง.#w.#######...
....####......####..#.......^....
..#.#.....#...#..................
..###....##..###..##............#
.## ######^.##.####.....###..###.
## #......#....w##.........^..#
######...####..@y......^.##.....
#....#.#......###...^####.######
##...##.#.##..##...#<......#
.#...#..###..##...[#.......
.....P..#.##..^....#......^.
...^#...#..###..#..#....####
#####^..##..#...#..#.#....
#...............#..###.#...
##.....#.....#....## ...#<


You could see a spark wasp and a torpor snail.

Vanquished Creatures
  Gastronok (Lair:1)
  An orc warlord (Orc:2)
  2 emperor scorpions
  A spark wasp (Spider:3)
  Snorg (D:10)
  Josephine (D:10)
  A rakshasa (D:15)
  3 vault guards
  4 catoblepae
  A death knight (D:13)
  2 centaur warriors
  7 death yaks (Lair:6)
  A tengu warrior (D:15)
  5 orc high priests
  The ghost of KarmaPolice the Slinger, a novice HaHu of Okawaru (D:8)
  5 unseen horrors
  8 hill giants
  7 wizards (D:12)
  A deep elf mage (D:13)
  6 orc sorcerers
  Pikel (D:9)
  8 ugly things
  4 orb spiders
  8 orc knights
  3 wolf spiders
  2 moths of wrath
  2 manticores
  5 cyclopes
  5 elephants (Lair:5)
  3 black mambas
  Maurice (D:9)
  A siren (Lair:4)
  Psyche (D:10)
  7 gargoyles
  4 spiny frogs
  A torpor snail (Lair:2)
  5 demonic crawlers
  A freezing wraith (D:15)
  5 komodo dragons
  A kobold demonologist (D:11)
  A rime drake (Lair:4)
  A polar bear (Lair:4)
  5 trolls
  8 jumping spiders
  A hornet (D:10)
  2 two-headed ogres
  8 slime creatures
  18 blink frogs
  7 hippogriffs
  10 tarantellas
  3 shadows
  11 redbacks (Spider:3)
  6 wraiths
  3 wyverns
  30 yaks
  A human (D:7)
  A vampire mosquito (D:11)
  A golden eye (shapeshifter) (D:15)
  Grum (D:10)
  4 fire bats (D:11)
  A steam dragon (D:12)
  5 hogs
  3 hungry ghosts
  7 wargs
  A hell hound (D:11)
  A soldier ant (D:12)
  A porcupine (Lair:1)
  4 water moccasins
  2 wandering mushrooms (Lair:6)
  32 orc warriors
  4 black bears
  An eye of draining (D:8)
  6 phantoms
  4 ice beasts
  9 ogres
  A necrophage (D:14)
  8 centaurs
  6 wolves
  9 crocodiles
  5 big kobolds (D:11)
  24 bullfrogs
  A water moccasin zombie (D:5)
  6 scorpions
  A wyvern skeleton (D:8)
  A troll zombie (D:12)
  23 killer bees
  3 wights
  3 electric eels
  2 howler monkeys
  5 crimson imps
  2 quasits
  4 bullfrog zombies (D:5)
  3 centaur zombies
  6 hounds
  5 jellies
  21 orc priests
  4 bullfrog skeletons
  2 gnoll shamans
  28 orc wizards
  4 centaur skeletons
  6 iguanas
  Ijyb (D:4)
  3 hell rats (Lair:2)
  13 worker ants
  A big kobold zombie (Ossuary)
  5 ogre zombies (D:12)
  5 hound zombies (D:5)
  8 mummies (Ossuary)
  A howler monkey zombie (D:7)
  2 worker ant zombies
  11 gnolls
  13 adders
  A howler monkey skeleton (D:10)
  5 shadow imps
  2 oozes (D:1)
  3 adder zombies (D:5)
  An adder skeleton (D:5)
  3 worms
  3 dart slugs
  7 leopard geckos
  83 orcs
  2 ball pythons (D:3)
  8 bats
  2 giant cockroaches
  6 hobgoblins
  17 jackals
  7 quokkas
  3 frilled lizards
  A giant cockroach zombie (D:5)
  A gnoll zombie (Ossuary)
  10 goblins
  2 goblin skeletons (D:12)
  3 goblin zombies (D:12)
  2 hobgoblin skeletons (D:12)
  5 hobgoblin zombies
  A jackal skeleton (D:5)
  16 kobolds
  4 kobold zombies (Ossuary)
  An orc skeleton (D:12)
  8 orc zombies (D:12)
  A quokka skeleton (D:5)
  3 quokka zombies (D:5)
  7 rats
  12 ballistomycetes (Orc:2)
  3 toadstools (Orc:2)
809 creatures vanquished.

Vanquished Creatures (collateral kills)
  2 hydras
  A catoblepas (Lair:6)
  A death yak (Lair:6)
  5 elephants
  2 spiny frogs
  A komodo dragon (Lair:2)
  A rime drake (Lair:2)
  7 blink frogs
  11 yaks
  3 hogs (Spider:4)
  A wyvern (Lair:3)
  3 basilisks
  An orc warrior (Orc:2)
  2 porcupines
  2 water moccasins
  8 wolves
  2 crocodiles
  A bullfrog (Lair:5)
  2 hell rats (Lair:2)
  A ballistomycete spore (Orc:2)
  7 hyperactive ballistomycetes (Orc:2)
64 creatures vanquished.

Vanquished Creatures (others)
  An oklob plant (Lair:6)
  8 wandering mushrooms
  3 vampire mosquitoes (D:15)
  4 slaves (D:9)
  A bullfrog (Lair:5)
  A killer bee (D:9)
  An adder skeleton (D:9)
  4 orcs
  14 ballistomycetes (Orc:2)
  A fire vortex (D:11)
  A fungus (Lair:6)
  A hyperactive ballistomycete (Orc:2)
  5 plants
  476 toadstools
521 creatures vanquished.

Grand Total: 1394 creatures vanquished

Notes
Turn   | Place    | Note
-------+----------+-------------------------------------------
     0 | D:1      | Guts the Human Gladiator began the quest for the Orb.
     0 | D:1      | Reached XP level 1. HP: 16/16 MP: 1/1
    40 | D:1      | Reached XP level 2. HP: 20/22 MP: 2/2
   331 | D:1      | Reached skill level 4 in Long Blades
   331 | D:1      | Reached XP level 3. HP: 27/27 MP: 3/3
  1038 | D:2      | Reached XP level 4. HP: 30/33 MP: 4/4
  1312 | D:2      | Found a shimmering altar of Xom.
  1312 | D:2      | Found a shimmering altar of Xom.
  1312 | D:2      | Found a shimmering altar of Xom.
  1341 | D:2      | Found a shimmering altar of Xom.
  1446 | D:2      | Reached skill level 5 in Long Blades
  2018 | D:3      | Noticed Ijyb
  2226 | D:3      | Reached XP level 5. HP: 29/38 MP: 5/5
  2448 | D:3      | Reached skill level 6 in Long Blades
  2475 | D:3      | Noticed C0ssack's ghost (amateur DEFE)
  2570 | D:4      | Killed Ijyb
  2570 | D:4      | Reached XP level 6. HP: 29/44 MP: 3/6
  3519 | D:4      | Found a glowing golden altar of the Shining One.
  3793 | D:5      | Entered Level 5 of the Dungeon
  3803 | D:5      | Reached skill level 7 in Long Blades
  3905 | D:5      | Reached XP level 7. HP: 37/50 MP: 5/7
  4211 | D:5      | Reached skill level 8 in Long Blades
  4359 | D:5      | Reached XP level 8. HP: 29/56 MP: 4/8
  4369 | D:5      | Reached skill level 9 in Long Blades
  4766 | D:5      | Found Ykeun's Distillery.
  4769 | D:5      | Bought a potion of heal wounds for 60 gold pieces
  5087 | D:5      | Reached skill level 10 in Long Blades
  5258 | D:6      | Found a blossoming altar of Fedhas.
  5885 | D:6      | Reached XP level 9. HP: 51/61 MP: 7/9
  6301 | D:7      | Reached skill level 11 in Long Blades
  6365 | D:7      | Found a staircase to the Ecumenical Temple.
  6373 | Temple   | Entered the Ecumenical Temple
  6417 | Temple   | Became a worshipper of Fedhas Madash
  6520 | D:7      | Noticed a hippogriff
  6537 | D:7      | Killed a hippogriff
  6693 | D:7      | Noticed aimeelou's ghost (novice MfGl)
  6790 | D:7      | Reached skill level 12 in Long Blades
  7389 | D:7      | Reached XP level 10. HP: 61/73 MP: 8/10
  7398 | D:7      | Reached skill level 5 in Fighting
  7836 | D:8      | Reached * piety under Fedhas
  7842 | D:8      | Noticed KarmaPolice's ghost (novice HaHu)
  8129 | D:8      | Killed KarmaPolice's ghost
  8129 | D:8      | Reached skill level 13 in Long Blades
  8187 | D:8      | Found Oritel's Book Boutique.
  8198 | D:8      | Found a sand-covered staircase.
  8209 | Ossuary  | Entered an ossuary
  9077 | D:8      | Found a sacrificial altar of Ru.
  9139 | D:9      | Noticed varam's ghost (novice OpAs)
  9477 | D:9      | Noticed Pikel
  9487 | D:9      | Killed Pikel
  9487 | D:9      | Reached XP level 11. HP: 70/84 MP: 9/11
  9534 | D:9      | You fall through a shaft for 2 floors!
  9539 | D:11     | Noticed Snorg
  9549 | D:11     | Noticed Josephine
  9562 | D:10     | Entered Level 10 of the Dungeon
  9569 | D:10     | Reached skill level 14 in Long Blades
  9977 | D:10     | Noticed Grum
 10001 | D:10     | Killed Grum
 10153 | D:10     | Paralysed by a hornet for 1 turns
 10158 | D:10     | Reached skill level 1 in Armour
 10389 | D:9      | Noticed Maurice
 10727 | D:9      | Got a smoking chain mail
 10776 | D:8      | Identified the +8 chain mail of the Bells {Regen+ Int+4 Dex+4} (You found it on level 9 of the Dungeon)
 10892 | D:9      | Reached ** piety under Fedhas
 11096 | D:9      | Got an ichor-stained hunting sling
 11098 | D:9      | Identified the +2 hunting sling of Qopsemobe {freeze, MR+} (You found it on level 9 of the Dungeon)
 11241 | D:9      | Gained mutation: You possess an exceptional clarity of mind. [potion of mutation]
 11241 | D:9      | Gained mutation: You have sharp toenails. [potion of mutation]
 11241 | D:9      | Gained mutation: You are dopey. (Int -2) [potion of mutation]
 11469 | D:9      | Killed Maurice
 11775 | D:10     | Noticed Psyche
 11790 | D:10     | Killed Psyche
 12155 | D:10     | Reached skill level 5 in Armour
 12422 | D:10     | Reached skill level 1 in Invocations
 12523 | D:11     | Got a faintly humming leather armour
 12724 | D:11     | Noticed a red ugly thing
 12726 | D:11     | Noticed a green ugly thing
 12780 | D:10     | Killed a cyan ugly thing
 12780 | D:10     | Reached XP level 12. HP: 66/94 MP: 9/14
 12902 | D:10     | Killed Josephine
 13056 | D:10     | Killed Snorg
 13216 | D:10     | Reached skill level 5 in Invocations
 13387 | D:11     | Reached *** piety under Fedhas
 13411 | D:11     | Found a staircase to the Lair.
 13665 | D:11     | Upgraded the game from 0.19.0 to 0.19.0-2-gae57169
 14439 | D:12     | Paralysed by an orc sorcerer for 6 turns
 14457 | D:12     | Paralysed by an orc sorcerer for 3 turns
 14589 | D:12     | Found a staircase to the Orcish Mines.
 15054 | D:11     | Reached XP level 13. HP: 90/101 MP: 15/18
 15156 | D:11     | Reached skill level 10 in Armour
 15215 | Lair:1   | Entered Level 1 of the Lair of Beasts
 15947 | Lair:1   | Noticed Gastronok
 16003 | Lair:1   | Killed Gastronok
 16069 | Lair:1   | Reached skill level 10 in Fighting
 16667 | Lair:2   | Identified the +2 leather armour "Ukkasegis" {rPois rF+} (You found it on level 11 of the Dungeon)
 16839 | Lair:3   | Found a hole to the Spider Nest.
 16982 | Lair:3   | Identified a scroll of acquirement
 17104 | Lair:3   | Got a slimy scimitar
 17105 | Lair:3   | Identified the +6 scimitar "Woevenna" {slice, +Rage Str+3 Dex-5} (You acquired it on level 3 of the Lair of Beasts)
 17124 | Lair:3   | Noticed a catoblepas
 17146 | Lair:3   | Killed a catoblepas
 17610 | Lair:4   | Found a staircase to the Shoals.
 17720 | Lair:4   | Reached skill level 5 in Dodging
 17745 | Lair:4   | Reached **** piety under Fedhas
 17787 | Lair:4   | Reached skill level 15 in Long Blades
 18159 | Lair:5   | Noticed a four-headed hydra
 18183 | Lair:5   | Killed a four-headed hydra
 18264 | Lair:5   | Reached XP level 14. HP: 110/110 MP: 16/20
 18410 | Lair:5   | Got a polished leather armour
 18540 | Lair:5   | Identified the cursed +0 leather armour of the Thunderstorm {rF- Int+2 Dex+3} (You found it on level 5 of the Lair of Beasts)
 18553 | Lair:6   | Entered Level 6 of the Lair of Beasts
 18727 | Lair:6   | Found a viscous altar of Jiyva.
 18727 | Lair:6   | Found a staircase to the Slime Pits.
 18987 | Lair:6   | Reached skill level 16 in Long Blades
 20297 | D:12     | Reached skill level 17 in Long Blades
 20525 | D:12     | Reached XP level 15. HP: 115/115 MP: 16/21
 20614 | Orc:1    | Entered Level 1 of the Orcish Mines
 20714 | Orc:1    | Reached ***** piety under Fedhas
 21178 | Orc:2    | Entered Level 2 of the Orcish Mines
 21633 | Orc:2    | Found Enlimp's Food Boutique.
 21658 | Orc:2    | Bought 3 fruits for 45 gold pieces
 21658 | Orc:2    | Bought 4 fruits for 60 gold pieces
 21658 | Orc:2    | Bought 3 fruits for 45 gold pieces
 21662 | Orc:2    | Found a staircase to the Elven Halls.
 21842 | Orc:2    | Noticed an orc warlord
 21897 | Orc:2    | Killed an orc warlord
 22033 | Orc:2    | Reached skill level 18 in Long Blades
 22245 | Orc:2    | Found Barei's General Store.
 22246 | Orc:2    | Found Tush's Book Shop.
 22248 | Orc:2    | Found Utokhluq's Antique Armour Boutique.
 22248 | Orc:2    | Found Wiuce's Antique Weapon Boutique.
 22298 | Orc:2    | Bought a scroll of identify for 32 gold pieces
 22298 | Orc:2    | Bought a potion of heal wounds for 80 gold pieces
 22308 | Orc:2    | Bought a runed cloak for 367 gold pieces
 22308 | Orc:2    | Bought a pair of glowing boots for 367 gold pieces
 22309 | Orc:2    | Bought a slimy long sword for 255 gold pieces
 22337 | Orc:2    | Identified a +0 pair of boots of running (You bought it in a shop on level 2 of the Orcish Mines)
 22344 | Orc:2    | Identified the +4 long sword of the Thing {protect, MR+ Str+3} (You bought it in a shop on level 2 of the Orcish Mines)
 22360 | Orc:2    | Bought an uncursed ring of protection from fire for 400 gold pieces
 22360 | Orc:2    | Bought a scroll of recharging for 152 gold pieces
 22360 | Orc:2    | Bought a scroll of magic mapping for 56 gold pieces
 22763 | D:13     | Found a shimmering altar of Xom.
 22880 | D:13     | Found Fuoneis's Jewellery Shop.
 23244 | D:12     | Reached skill level 10 in Dodging
 23427 | D:13     | Found a gate to the Vaults.
 23612 | D:13     | Got a spiked helmet
 23623 | D:13     | Identified the cursed +0 helmet of the Ban {SInv} (You found it on level 13 of the Dungeon)
 23742 | D:13     | Reached XP level 16. HP: 122/122 MP: 22/22
 23787 | D:14     | Found Cetuoteq's Food Boutique.
 23955 | D:14     | Found Feaciy's Gadget Shoppe.
 23960 | D:14     | Found Jiomukle's Weapon Shop.
 23968 | D:14     | Bought the cursed +1 hand crossbow of Rotation {flame, -Tele rF+ MR++ Int-5} for 248 gold pieces
 24126 | D:14     | Found Poshreug's General Store.
 24230 | D:14     | Found Piaxzom's Book Shop.
 24254 | D:14     | Bought a scroll of brand weapon for 280 gold pieces
 24278 | D:14     | Reached skill level 1 in Crossbows
 24489 | D:15     | Entered Level 15 of the Dungeon
 24534 | D:15     | Found a flickering gateway to a bazaar.
 24546 | Bazaar   | Entered a bazaar
 24546 | Bazaar   | Found Voaliem's General Store.
 24546 | Bazaar   | Found Ginen's Armour Boutique.
 24548 | Bazaar   | Found Baytu's Magic Scroll Shoppe.
 24552 | Bazaar   | Found Nota's Magic Scroll Boutique.
 24561 | Bazaar   | Found Wuotis's Weapon Boutique.
 24567 | Bazaar   | Found Herr's Gadget Emporium.
 24625 | Bazaar   | Bought 2 scrolls of identify for 56 gold pieces
 24625 | Bazaar   | Bought a scroll of identify for 28 gold pieces
 24625 | Bazaar   | Bought a scroll of enchant armour for 105 gold pieces
 24625 | Bazaar   | Bought a scroll of fog for 28 gold pieces
 24659 | D:15     | Found Efunun's General Store.
 24720 | D:15     | Found Geluzav's Gadget Boutique.
 25081 | D:15     | Found Ysavyifi's Book Emporium.
 25099 | D:15     | Found Teaz's Antique Weapon Emporium.
 25406 | D:15     | Reached skill level 19 in Long Blades
 25545 | D:15     | Found an ancient bone altar of Kikubaaqudgha.
 25570 | D:15     | Reached skill level 5 in Crossbows
 25895 | Spider:1 | Entered Level 1 of the Spider Nest
 25950 | Spider:1 | Noticed xeno23's ghost (adept DEFE)
 27263 | Spider:4 | Entered Level 4 of the Spider Nest
 27277 | Spider:4 | Noticed Kirke
 27443 | Spider:3 | HP: 6/122 [spark wasp (15)]
 27444 | Spider:3 | HP: 1/122 [spark wasp (6)]
 27444 | Spider:3 | Mangled by a spark wasp

Skill      XL: |  1  2  3  4  5  6  7  8  9 10 11 12 13 14 15 16 |
---------------+-------------------------------------------------+-----
Long Blades    | 4 5 6 7 8 10 12 13 14 15 17 18 19 | 19.3
Fighting       | 4 7 8 9 10 | 10.2
Armour         | 6 9 10 | 10.0
Invocations    | 3 6 8 |  8.6
Dodging        | 5 8 10 | 10.4
Crossbows      | 8 |  8.0
Throwing       | |  2.0

Action                   |  1- 3 |  4- 6 |  7- 9 | 10-12 | 13-15 | 16-18 || total
-------------------------+-------+-------+-------+-------+-------+-------++-------
Melee: Long sword        |    77 |   268 |   331 |  1464 |   229 |       ||  2369
       Scimitar          |       |       |       |       |   455 |   495 ||   950
       Great sword       |       |       |       |       |    30 |       ||    30
       Demon blade       |       |       |       |       |   545 |       ||   545
 Fire: Blowgun           |       |       |    12 |     9 |       |       ||    21
       Hand crossbow     |       |       |       |       |       |    18 ||    18
Throw: Throwing net      |       |     2 |       |       |     2 |       ||     4
       Tomahawk          |       |    12 |    20 |    57 |    18 |       ||   107
       Javelin           |       |       |       |     8 |    23 |       ||    31
Invok: Fungal Bloom      |       |       |     3 |    39 |    63 |    20 ||   125
       Evolution         |       |       |       |     2 |    24 |     2 ||    28
       Reproduction      |       |       |       |       |     1 |       ||     1
       Growth            |       |       |       |       |       |     2 ||     2
       Sunlight          |       |       |       |       |       |     1 ||     1
Evoke: Wand              |       |       |     2 |     5 |     4 |     2 ||    13
  Use: Scroll            |       |       |     3 |    12 |    22 |     9 ||    46
       Potion            |       |       |       |     8 |       |     4 ||    12
 Stab: Held in net/web   |       |     2 |       |       |       |       ||     2
       Confused          |       |       |       |       |     9 |       ||     9
       Distracted        |       |       |       |       |     2 |       ||     2
  Eat: Chunk             |       |     9 |    10 |    24 |    23 |     7 ||    73
       Fruit             |       |     1 |       |     1 |       |       ||     2
       Pizza             |       |       |     1 |     5 |     4 |     1 ||    11
       Beef jerky        |       |       |       |     2 |       |       ||     2
       Bread ration      |       |       |       |       |     1 |       ||     1
       Meat ration       |       |       |       |       |       |     1 ||     1
Armor: Leather armour    |    22 |    11 |       |       |       |       ||    33
       Ring mail         |       |    94 |    94 |   160 |       |       ||   348
       Chain mail        |       |       |       |   498 |   481 |   293 ||  1272
       Skin              |       |       |       |     8 |       |       ||     8
Dodge: Dodged            |    67 |   194 |   163 |   562 |   462 |   276 ||  1724
       Rpst.: Long sword |    26 |    53 |    54 |   173 |    23 |       ||   329
       Scimitar          |       |       |       |       |    40 |    53 ||    93
       Great sword       |       |       |       |       |     4 |       ||     4
       Demon blade       |       |       |       |       |    66 |       ||    66
